 Dungeon Crawl Stone Soup version 0.25-a0-471-g78e40d7af6 (webtiles) character file.

Game seed: 11869508564006931778, levelgen mode: classic

12803 EnegeticOcto the Convoker (level 11, 0/86 HPs)
             Began as a Green Draconian Summoner on Feb 6, 2020.
             Was a High Priest of Ashenzari.
             Slain by an enormous slime creature (86 damage)
             ... in a Gauntlet.
             The game lasted 00:43:35 (21131 turns).

EnegeticOcto the Convoker (DrSu)                   Turns: 21131, Time: 00:43:35

Health: 0/86       AC: 14    Str: 11    XL:     11   Next: 67%
Magic:  31/35      EV: 13    Int: 19    God:    Ashenzari [*****.]
Gold:   641        SH:  0    Dex: 11    Spells: 6/22 levels left

rFire    + . .     SeeInvis +   m - staff of power (curse)
rCold    . . .     Gourm    +   (no shield)
rNeg     . . .     Faith    .   (armour unavailable)
rPois    +         Spirit   .   (helmet restricted)
rElec    .         Reflect  .   g - +1 cloak (curse)
rCorr    .         Harm     .   z - +0 pair of gloves (curse)
MR       .....     Clarity  +   K - +0 pair of boots (curse) Stlth ++........NoTele +
                                C - amulet of the gourmand (curse)
HPRegen  0.24/turn              u - ring of protection from fire (curse)
MPRegen  0.24/turn              J - +3 ring of protection (curse)

@: no status effects
A: breathe noxious fumes, unfitting armour, poison resistance, cold-blooded, AC
+7
a: Breathe Noxious Fumes, Curse Item, Scrying, Transfer Knowledge, Renounce
Religion


You were in a Gauntlet.
You worshipped Ashenzari.
Ashenzari was extremely pleased with you.
You were full.

You visited 3 branches of the dungeon, and saw 15 of its levels.
You also visited: Ossuary and Gauntlet.

You collected 1032 gold pieces.
You spent 391 gold pieces at shops.

Inventory:

Missiles
 d - 54 poisoned darts (quivered)
Armour
 g - a cursed +1 cloak (worn)
 z - a cursed +0 pair of gloves (worn)
 K - a cursed +0 pair of boots (worn)
Magical Staves
 m - a cursed staff of power (weapon)
Jewellery
 i - an uncursed amulet of regeneration
 u - a cursed ring of protection from fire (left hand)
 C - a cursed amulet of the gourmand (around neck)
 J - a cursed +3 ring of protection (right hand)
Wands
 a - a wand of iceblast (9)
 s - a wand of polymorph (6)
 y - a wand of digging (4)
 A - a wand of acid (23)
 I - a wand of enslavement (9)
Scrolls
 f - 3 scrolls of blinking {@r4}
 k - 4 scrolls of magic mapping {@r5 !r}
 o - a scroll of enchant armour
 p - 10 scrolls of teleportation {@r3 !r}
 q - 2 scrolls of amnesia
 t - 2 scrolls of fog {!r}
 v - a scroll of summoning
 x - 3 scrolls of fear {!r}
 F - a scroll of vulnerability
 G - a scroll of remove curse {@r2}
Potions
 b - 7 potions of curing {@q1 !q}
 c - 3 potions of lignification {@q6}
 h - 3 potions of haste {@q4 !q}
 j - 4 potions of brilliance
 l - a potion of invisibility
 n - a potion of ambrosia
 r - 4 potions of agility {@q5 !q}
 w - 2 potions of flight
 B - 3 potions of heal wounds {@q2 !q}
 D - 3 potions of mutation
 E - 2 potions of magic
 H - a potion of berserk rage {unknown}
Comestibles
 e - 31 rations


   Skills:
 - Level 5.0 Fighting
 - Level 1.7(3.6) Dodging
 - Level 1.7(3.6) Stealth
 - Level 6.2(10.2) Spellcasting
 + Level 15.0(18.5) Summonings
 - Level 4.0(7.7) Ice Magic
 - Level 5.0(9.0) Air Magic
 - Level 3.6(7.2) Evocations


You had 6 spell levels left.
You knew the following spells:

 Your Spells              Type           Power        Failure   Level  Hunger
a - Call Imp              Summ           ######..     0%          2    None
b - Summon Ice Beast      Ice/Summ       ######..     1%          4    ##.....
c - Call Canine Familiar  Summ           ######..     0%          3    None
d - Summon Lightning Spi  Summ/Air       ######..     1%          4    ##.....
e - Frozen Ramparts       Ice            #####.       1%          3    None

Your spell library contained the following spells:

 Spells                   Type           Power        Failure   Level  Hunger
 Summon Small Mammal      Summ           ####         0%          1    None
 Freeze                   Ice            ####         1%          1    None
 Poisonous Vapours        Pois/Air       ####..       1%          2    None
 Summon Guardian Golem    Hex/Summ       #####...     1%          3    None
 Ozocubu's Armour         Chrm/Ice       ####....     3%          3    None
 Animate Skeleton         Necr           N/A          5%          1    None
 Apportation              Tloc           ##....       5%          1    None
 Sting                    Tmut/Pois      ##..         5%          1    None
 Mephitic Cloud           Conj/Pois/Air  ###.....     5%          3    None
 Corona                   Hex            ##.....      6%          1    None
 Hailstorm                Conj/Ice       ####....     13%         4    ##.....
 Confusing Touch          Hex            ##......     17%         3    None
 Gell's Gravitas          Tloc           ##........   17%         3    None
 Ignite Poison            Fire/Tmut/Pois ##......     17%         3    None
 Metabolic Englaciation   Hex/Ice        ####......   34%         5    #####..
 Olgreb's Toxic Radiance  Pois           ##......     50%         4    ##.....
 Petrify                  Tmut/Erth      ##......     50%         4    ##.....
 Bolt of Magma            Conj/Fire/Erth ##........   83%         5    #####..
 Iskenderun's Battlesphe  Conj/Chrm      ##......     85%         5    #####..
 Yara's Violent Unravell  Hex/Tmut       ##........   85%         5    #####..
 Iron Shot                Conj/Erth      ##........   100%        6    ######.
 Spellforged Servitor     Conj/Summ      #####.....   77%         7    #######
 Orb of Destruction       Conj           ##........   100%        7    #######


Dungeon Overview and Level Annotations

Branches:
Dungeon (10/15)            Temple (1/1) D:5            Lair (4/6) D:8
  Swamp (0/4) Lair:3       Spider (0/4) Lair:3          Orc (0/2) D:9
Ossuary (visited)         Gauntlet (1/1)

Altars:
Ashenzari
Cheibriados
Dithmenos
Elyvilon
Fedhas
Gozag
Kikubaaqudgha
Makhleb
Nemelex Xobeh
Okawaru
Qazlal
Ru
Trog
Uskayaw
Vehumet
Wu Jian
Yredelemnul
Zin
The Shining One

Shops:
D:4 *%   D:6 ??(!?

Annotations:
D:10 2 runed translucent doors, voshxx's ghost, novice OgFE Gauntlet 15 transporters, exclusions: 2 ice statues and orange crystal statue


Innate Abilities, Weirdness & Mutations

You can breathe blasts of noxious fumes.
Your lurid green scales are hard. (AC +7)
You cannot fit into any form of body armour.
Your system is resistant to poisons. (rPois)
You are cold-blooded and may be slowed by cold attacks.


Message History

The jelly hits the demonic plant but does no damage.
The jelly hits the demonic plant but does no damage.
The large slime creature hits the demonic plant!!
The demonic plant is destroyed!
The jelly hits the demonic plant but does no damage.
Something hits the demonic plant but does no damage.
Found a scroll of random uselessness.
The jelly hits the demonic plant but does no damage.
The jelly hits the demonic plant but does no damage.
The jelly hits the demonic plant but does no damage.
The slime creature quivers.
The jelly hits the demonic plant.
The demonic plant is splashed with acid!
The acid corrodes the demonic plant!
The jelly hits the demonic plant.
The demonic plant is splashed with acid.
The demonic plant seems to be corroded for longer.
Found a transporter.
The jelly hits the demonic plant.
The demonic plant is splashed with acid.
The demonic plant seems to be corroded for longer.
Something hits the demonic plant.
The demonic plant is splashed with acid.
The demonic plant seems to be corroded for longer.
Marking area around an ice statue as unsafe for travelling.
Found a transporter.
Found a transporter.
Ashenzari will help you to reconsider your skills.
The rime drake hisses angrily.
The apocalypse crab bites the demonic plant.
The demonic plant looks as sick as possible!
The apocalypse crab poisons the demonic plant!
The apocalypse crab claws the demonic plant.
The demonic plant is engulfed in flames!
Found a transporter.
Something bites the demonic plant.
The demonic plant is engulfed in flames!
Something claws the demonic plant but does no damage.
The jelly quivers.
The jelly hits the demonic plant but does no damage.
The jelly hits the demonic plant.
The demonic plant is splashed with acid.
The jelly hits the demonic plant.
The demonic plant is splashed with acid.
The acid corrodes the demonic plant!
The slime creature quivers.
The slime creature quivers.
Two slime creatures merge to form a large slime creature.
The queen ant twitches its antennae in your direction.
There is a transporter here.
Found a transporter.
The soldier ant twitches its antennae in your direction.
The queen ant waves its antennae.
The slime creature quivers.
A large slime creature splits.
Two slime creatures merge to form a large slime creature.
Two slime creatures merge to form a very large slime creature.
Marking area around an ice statue as unsafe for travelling.
Found the +8 hand axe of the Puffball {vorpal, +Blink MR+ Dex-3}.
Found two transporters.
Found a book of Power.
Marking area around an orange crystal statue as unsafe for travelling.
Found a gate leading back out of this place.
The orange crystal statue glitters topaz in the dim dungeon light.
The ice statue glitters chillingly in the dim dungeon light.
Found a transporter.
The ice statue glitters chillingly in the dim dungeon light.
The queen ant twitches its antennae in your direction.
The soldier ant twitches its antennae in your direction.
Partly explored, unvisited transporter.
Partly explored, unvisited transporter.
Partly explored, unvisited transporter.
Search for what [? for help]? .
Search for what [Enter for "."]? .
Unknown command.
The slime creature quivers.
The slime creature quivers.
The slime creature quivers.
Two slime creatures merge to form a large slime creature.
A large slime creature splits.
Two slime creatures merge to form a large slime creature.
There is a transporter here.
Two slime creatures merge to form a large slime creature.
A large slime creature splits.
Two slime creatures merge to form a very large slime creature.
The soldier ant twitches its antennae in your direction.
A very large slime creature splits.
The jelly quivers.
The jelly quivers.
The jelly jiggles.
Two slime creatures merge to form a very large slime creature.
Two slime creatures merge to form an enormous slime creature.
There is a transporter here.
You enter the transporter and appear at another place.
Casting: Summon Ice Beast (safe; 1% risk of failure)
Confirm with . or Enter, or press ? or * to list all spells.
A chill wind blows around you.
The enormous slime creature hits you!!!!
Ouch! That really hurt!
You die...

^.....k#.#..........#####
########.#########.....≈###
.. ....#........©#......#8#
## *####.#############..###
h. ...#.#.#.?#.©.#$.#..# #
,*#..#.#.##P.#.#..##..###
.##.#.#.#.#..#..#.#..#8#
.....#.#.#.#..#..Y#..#..###
..©....#©#.##..#@#..##..#
.....#.###.#.#.J#J.#.#..###
#...##.#...#..#.©J#..#..#8#
##.##.y#...#...#.#...#..###
......h#...#....#....#..#
########...###########..#
......§..≈......©......§###
........≈8≈........∩...§#8#
......§..§......©......§###


You could see an enormous slime creature, 2 jellies and a friendly ice beast.

Vanquished Creatures
  2 water moccasins (D:4)
  An orc warrior (D:9)
  A centaur zombie (D:8)
  An orc priest (D:8)
  4 orcs (D:8)
  An orc zombie (D:9)
10 creatures vanquished.

Vanquished Creatures (collateral kills)
  Josephine (D:10)
  Erica (D:10)
  3 hydras
  A two-headed ogre (D:8)
  A deep elf mage (D:9)
  Maurice (D:9)
  2 black mambas
  Joseph (D:10)
  4 centaur zombies (D:10)
  6 spiny frogs
  A gargoyle (D:10)
  Maggie (D:6)
  2 hellwings (D:10)
  A jumping spider (Lair:3)
  A polar bear (Lair:3)
  Grinder (D:6)
  9 blink frogs
  Prince Ribbit (D:7)
  A hippogriff (D:7)
  Sigmund (D:6)
  A redback (Lair:3)
  21 yaks
  A basilisk (Lair:2)
  3 wraiths (D:10)
  3 hungry ghosts
  2 wargs (D:8)
  3 two-headed ogre zombies (D:9)
  4 water moccasins
  A porcupine (Lair:4)
  3 ice beasts
  8 ogres
  4 orc warriors
  A black bear (Lair:3)
  2 sky beasts
  2 phantoms
  8 centaurs
  8 crocodiles
  A big kobold (D:9)
  10 bullfrogs
  A wyvern skeleton (D:10)
  2 elf skeletons (D:6)
  6 scorpions
  2 water moccasin zombies (Ossuary)
  A troll zombie (D:9)
  5 killer bees (D:7)
  A howler monkey (D:8)
  2 crimson imps
  2 bullfrog zombies
  2 bullfrog skeletons
  2 jellies
  7 hounds
  6 orc priests
  12 orc wizards
  4 centaur skeletons
  2 human skeletons (D:6)
  An iguana (D:10)
  7 worker ants
  A killer bee zombie (D:7)
  3 big kobold zombies (Ossuary)
  3 ogre zombies (D:9)
  2 hound skeletons
  2 mummies (Ossuary)
  A howler monkey zombie (D:7)
  4 gnolls (D:4)
  15 adders
  3 shadow imps (D:10)
  7 adder zombies
  3 dart slugs
  5 leopard geckos
  46 orcs
  3 giant cockroaches
  A gnoll zombie (Ossuary)
  5 goblins
  6 hobgoblins
  10 jackals
  6 quokkas
  5 ball pythons
  6 bats
  4 frilled lizards
  2 goblin skeletons (D:9)
  3 goblin zombies (D:9)
  5 hobgoblin zombies
  A jackal zombie (D:6)
  5 kobolds
  3 kobold zombies (Ossuary)
  A leopard gecko zombie (D:5)
  2 orc skeletons
  22 orc zombies
  2 quokka skeletons
  8 rats
386 creatures vanquished.

Vanquished Creatures (others)
  15 demonic plants (Gauntlet)
  4 plants (Lair:4)
  4 withered plants (D:10)
23 creatures vanquished.

Grand Total: 419 creatures vanquished

Notes
Turn   | Place    | Note
-------+----------+-------------------------------------------
     0 | D:1      | EnegeticOcto the Draconian Summoner began the quest for the
                  | Orb.
     0 | D:1      | Reached XP level 1. HP: 14/14 MP: 3/3
   484 | D:1      | Reached XP level 2. HP: 20/20 MP: 0/5
  1336 | D:2      | Learned a level 2 spell: Call Imp
  1476 | D:2      | Found a shadowy altar of Dithmenos.
  1541 | D:2      | Reached skill level 5 in Summonings
  1610 | D:2      | Reached XP level 3. HP: 26/26 MP: 1/6
  2322 | D:2      | Learned a level 3 spell: Call Canine Familiar
  2452 | D:3      | Found a white marble altar of Elyvilon.
  2466 | D:3      | Became a worshipper of Elyvilon the Healer
  2543 | D:3      | Fell from the grace of Elyvilon
  2662 | D:3      | Found a faded altar of an unknown god.
  2682 | D:2      | Found an opulent altar of Gozag.
  3092 | D:3      | Reached XP level 4. HP: 33/33 MP: 0/7
  3370 | D:3      | Found a sacrificial altar of Ru.
  3370 | D:3      | Found an ornate altar of the Wu Jian Council.
  3370 | D:3      | Found an ancient bone altar of Kikubaaqudgha.
  3374 | D:3      | Found an iron altar of Okawaru.
  3375 | D:3      | Found a stormy altar of Qazlal.
  3976 | D:4      | Found Duopt's Serpentskin Sales.
  3976 | D:4      | Noticed a water moccasin
  3976 | D:4      | Noticed a water moccasin
  4193 | D:4      | Found Xyira's Food Shoppe.
  4226 | D:4      | Found a basalt altar of Yredelemnul.
  4379 | D:4      | Reached XP level 5. HP: 38/38 MP: 1/9
  4393 | D:4      | Learned a level 4 spell: Summon Lightning Spire
  4824 | D:4      | Killed a water moccasin
  4824 | D:4      | Reached skill level 6 in Summonings
  4824 | D:4      | Reached skill level 1 in Air Magic
  4830 | D:4      | Killed a water moccasin
  4830 | D:4      | Reached XP level 6. HP: 19/45 MP: 4/11
  5065 | D:5      | Entered Level 5 of the Dungeon
  5372 | D:5      | Found a staircase to the Ecumenical Temple.
  6014 | D:5      | Your scales start taking on a lurid green colour.
  6014 | D:5      | Reached XP level 7. HP: 50/50 MP: 13/13
  6014 | D:5      | Gained mutation: Your system is resistant to poisons.
                  | (rPois) [Green Draconian growth]
  6030 | D:5      | Found a snail-covered altar of Cheibriados.
  6234 | Temple   | Entered the Ecumenical Temple
  6352 | Temple   | Became a worshipper of Ashenzari the Shackled
  6508 | D:5      | Found a radiant altar of Vehumet.
  6908 | D:6      | Learned a level 4 spell: Summon Ice Beast
  6937 | D:6      | Found Zitea's Magic Scroll Shoppe.
  6981 | D:6      | Bought a scroll of teleportation for 33 gold pieces
  6981 | D:6      | Bought a scroll of fog for 22 gold pieces
  6981 | D:6      | Bought a scroll of teleportation for 33 gold pieces
  7010 | D:6      | Reached skill level 1 in Ice Magic
  7032 | D:6      | Found a sand-covered staircase.
  7041 | Ossuary  | Entered an ossuary
  7152 | Ossuary  | Reached skill level 7 in Summonings
  7830 | D:6      | Found a white marble altar of Elyvilon.
  7991 | D:6      | Reached XP level 8. HP: 57/57 MP: 15/15
  8035 | D:6      | Found Uramocryl's Magic Scroll Boutique.
  8120 | D:6      | Noticed Sigmund
  8124 | D:6      | Killed Sigmund
  8124 | D:6      | Reached skill level 5 in Spellcasting
  8234 | D:6      | Reached * piety under Ashenzari
  8250 | D:6      | Found Pilanguf's Antique Weapon Emporium.
  8265 | D:6      | Noticed Grinder
  8293 | D:6      | Killed Grinder
  8357 | D:6      | Found Fiuh's Magic Scroll Boutique.
  8365 | D:6      | Bought a scroll of blinking for 82 gold pieces
  8365 | D:6      | Bought a scroll of fear for 38 gold pieces
  8365 | D:6      | Bought a scroll of teleportation for 33 gold pieces
  8797 | D:6      | Noticed Maggie
  8808 | D:6      | Killed Maggie
  8895 | D:6      | Found Avasus's Distillery.
  8907 | D:6      | Bought 2 potions of heal wounds for 150 gold pieces
  9082 | D:7      | Noticed a hippogriff
  9093 | D:7      | Killed a hippogriff
  9093 | D:7      | Reached skill level 5 in Air Magic
  9239 | D:7      | Noticed Prince Ribbit
  9246 | D:7      | Killed Prince Ribbit
  9246 | D:7      | Reached skill level 8 in Summonings
  9615 | D:7      | Reached XP level 9. HP: 54/62 MP: 10/18
 10053 | D:7      | Reached ** piety under Ashenzari
 10233 | D:7      | Reached skill level 1 in Evocations
 10412 | D:8      | Noticed a two-headed ogre
 10430 | D:8      | Killed a two-headed ogre
 10430 | D:8      | Reached skill level 9 in Summonings
 10683 | D:8      | Reached skill level 1 in Fighting
 11020 | D:8      | Found a burning altar of Makhleb.
 11029 | D:8      | Learned a level 3 spell: Frozen Ramparts
 11201 | D:8      | Found a staircase to the Lair.
 12263 | D:9      | Found a staircase to the Orcish Mines.
 12536 | D:9      | Noticed Maurice
 12548 | D:9      | Killed Maurice
 12548 | D:9      | Reached skill level 10 in Summonings
 12755 | D:9      | Reached XP level 10. HP: 80/80 MP: 19/19
 13081 | D:9      | Reached skill level 5 in Fighting
 13312 | D:9      | Reached skill level 11 in Summonings
 13848 | D:9      | Noticed a deep elf mage
 13857 | D:9      | Killed a deep elf mage
 14065 | D:10     | Entered Level 10 of the Dungeon
 14073 | D:10     | Reached *** piety under Ashenzari
 14114 | D:10     | Found a runed translucent door.
 14115 | D:10     | Noticed a skeletal warrior
 14115 | D:10     | Noticed a fire crab
 14115 | D:10     | Noticed a frost giant
 14116 | D:10     | Noticed a necromancer
 14116 | D:10     | Noticed a lich
 14117 | D:10     | Found a runed translucent door.
 14118 | D:10     | Noticed voshxx's ghost (novice OgFE)
 14118 | D:10     | Noticed a fire giant
 14127 | D:10     | a fire crab changed into an eye of draining
 14145 | D:10     | Noticed a gargoyle
 14155 | D:10     | Killed a gargoyle
 14389 | D:10     | Noticed Josephine
 14415 | D:10     | Killed Josephine
 14415 | D:10     | Reached skill level 12 in Summonings
 15246 | D:10     | Noticed Joseph
 15270 | D:10     | Killed Joseph
 15571 | D:10     | Found a hide-covered altar of Uskayaw.
 15574 | D:10     | Noticed Erica
 15584 | D:10     | Killed Erica
 15584 | D:10     | Reached skill level 13 in Summonings
 15584 | D:10     | Reached XP level 11. HP: 86/86 MP: 20/20
 15681 | D:10     | Noticed a queen ant
 16073 | Lair:1   | Entered Level 1 of the Lair of Beasts
 16426 | Lair:1   | Identified the +5 quarterstaff of Molluaq {freeze, Int+3
                  | Dex+4}
 17458 | Lair:1   | Reached **** piety under Ashenzari
 18653 | Lair:2   | Noticed a six-headed hydra
 18665 | Lair:2   | Reached skill level 14 in Summonings
 18802 | Lair:2   | Killed a six-headed hydra
 18929 | Lair:3   | Noticed a four-headed hydra
 18937 | Lair:3   | Killed a four-headed hydra
 19183 | Lair:3   | Found a staircase to the Swamp.
 19938 | Lair:3   | Found a hole to the Spider Nest.
 20699 | Lair:4   | Noticed an eight-headed hydra
 20707 | Lair:4   | Killed an eight-headed hydra
 20716 | Lair:4   | Reached skill level 15 in Summonings
 20738 | Lair:4   | Noticed a four-headed hydra
 20739 | Lair:4   | Found a gate leading to a gauntlet.
 20744 | Gauntlet | Entered a Gauntlet
 20744 | Gauntlet | Found a transporter.
 20744 | Gauntlet | Found a transporter.
 20785 | Gauntlet | Found a transporter.
 20786 | Gauntlet | Noticed a queen ant
 20800 | Gauntlet | Found a transporter.
 20817 | Gauntlet | Identified the +0 pair of boots of the Untouchables {rCorr
                  | Int+2}
 20818 | Gauntlet | Found a transporter.
 20820 | Gauntlet | Noticed a death ooze
 20829 | Gauntlet | Found a transporter.
 20845 | Gauntlet | Found a transporter.
 20915 | Gauntlet | Found a transporter.
 20926 | Gauntlet | Found a transporter.
 20940 | Gauntlet | Found a transporter.
 20953 | Gauntlet | Found a transporter.
 20954 | Gauntlet | Reached ***** piety under Ashenzari
 20969 | Gauntlet | Found a transporter.
 21036 | Gauntlet | Found a transporter.
 21046 | Gauntlet | Found a transporter.
 21046 | Gauntlet | Found a transporter.
 21047 | Gauntlet | Identified the +8 hand axe of the Puffball {vorpal, +Blink
                  | MR+ Dex-3}
 21056 | Gauntlet | Noticed an orange crystal statue
 21090 | Gauntlet | Found a transporter.
 21131 | Gauntlet | Slain by an enormous slime creature

Levels and vault maps discovered:
D:1:      mrwooster_arrival_statue, layout_basic
D:2:      lemuel_upstairs_altar, layout_basic, nicolae_overflow_crystal_walls
D:3:      layout_basic, minitemple, lemuel_crystal_altar,
          chequers_ecumenical_altar_twisty, fountainhead, minmay_puff
D:4:      layout_gridville, lemuel_crystal_altar, serial_shops, shop,
          guppyfry_shop_venom
D:5:      layout_loops_cross, kennysheep_mini_moat, vehumet_crystals,
          minmay_temple_entry_statues, first_ration, minmay_bent
D:6:      layout_cave_pods, nicolae_ossuary_entry_catacombs, serial_shops, shop,
          shop, kennysheep_little_box, shop_statue, shop_scrolls, basic_altar,
          minmay_increasing_density, uniq_maggie, uniq_grinder, uniq_sigmund
D:7:      layout_cave_pools, kennysheep_small_square, uniq_prince_ribbit1
D:8:      layout_basic, makhleb_heckhound_becter, erik_lair_orcish_takeover,
          grunt_pizzeria, minmay_misc_feat_rugged,
          chequers_serial_rivers_large_b
D:9:      layout_irregular_city, zombieorc2_lemuel, guppyfry_early_elven_hall,
          uniq_maurice
D:10:     cheibrodos_grave_circle, layout_loops_ring,
          muffindrake_ghost_dual_entry, basic_altar, uniq_joseph,
          uniq_josephine, uniq_erica
Temple:   minmay_temple_curvy_loop
Lair:1:   layout_layer_cave, guppyfry_lair_drakes, infiniplex_staircase_pool_2
Lair:2:   layout_big_grid, beast_lair_carwin_9
Lair:3:   layout_roguey, swamp_mist, spider_nest_entry_funnel_web,
          grunt_megastairs_4, serial_bayou_shore_a, lemuel_fruit_tree
Lair:4:   layout_hall_layers, gauntlet_entry_generic, grunt_megastairs_2
Gauntlet: gammafunk_gauntlet_branching [gammafunk_gauntlet_arena_crates,
          gammafunk_gauntlet_arena_arrow_garden, nicolae_gauntlet_arena_blocks,
          gammafunk_gauntlet_arena_spirals,
          gammafunk_gauntlet_arena_split_diamond,
          nicolae_gauntlet_arena_quarters, nicolae_gauntlet_arena_grate_2,
          gammafunk_gauntlet_arena_hedges, gauntlet_exit_hidden_loot]

Skill      XL: |  1  2  3  4  5  6  7  8  9 10 11 |
---------------+----------------------------------+-----
Summonings     | 5 6 7 8 10 13 15 | 15.0
Spellcasting   | 3 4 6 |  6.2
Air Magic      | 1 2 4 5 |  5.0
Ice Magic      | 2 4 |  4.0
Evocations     | 3 |  3.6
Fighting       | 4 5 |  5.0
Dodging        | |  1.7
Stealth        | |  1.7

Action                   |  1- 3 |  4- 6 |  7- 9 | 10-12 || total
-------------------------+-------+-------+-------+-------++-------
Melee: Unarmed           |       |    13 |       |       ||    13
       Staff             |       |       |     5 |       ||     5
       Tailslap          |       |       |     1 |       ||     1
Throw: Dart              |       |     4 |       |       ||     4
 Cast: Summon Small Mamm |    57 |       |       |       ||    57
       Call Imp          |    26 |    55 |   103 |     7 ||   191
       Call Canine Famil |     4 |    16 |    56 |    57 ||   133
       Summon Lightning  |       |     2 |    25 |    13 ||    40
       Summon Ice Beast  |       |       |    80 |   200 ||   280
       Frozen Ramparts   |       |       |     1 |     1 ||     2
Invok: Renounce Religion |     1 |       |       |       ||     1
       Curse Item        |       |       |     5 |     2 ||     7
 Abil: Breathe Noxious F |       |       |     1 |     2 ||     3
  Use: Scroll            |     4 |     8 |     7 |     3 ||    22
       Potion            |       |     6 |       |       ||     6
 Stab: Invisible         |       |     3 |       |       ||     3
  Eat: Chunk             |     9 |    10 |    47 |    39 ||   105
       Ration            |       |     1 |     2 |       ||     3
Armor: Skin              |    27 |    22 |    60 |    56 ||   165
Dodge: Dodged            |    31 |    17 |    88 |    85 ||   221

Table legend:
 A = Non-vault XP
 B = Vault XP
 C = Vault XP percentage of total XP
 D = Non-vault monster count
 E = Vault monster count
 F = Vault count percentage of total count
                 A         B        C        D         E       F
            +---------+---------+-------+---------+---------+-------
      Total |    9139 |    9152 |  50.0 |     254 |     140 |  35.5
            +---------+---------+-------+---------+---------+-------
        D:1 |      17 |       0 |   0.0 |      16 |       0 |   0.0
        D:2 |      39 |       0 |   0.0 |      14 |       0 |   0.0
        D:3 |      34 |      31 |  47.7 |      15 |       7 |  31.8
        D:4 |      81 |     193 |  70.4 |      14 |       3 |  17.6
        D:5 |     387 |      86 |  18.2 |      17 |       6 |  26.1
        D:6 |     341 |     883 |  72.1 |      16 |      15 |  48.4
        D:7 |     752 |     136 |  15.3 |      33 |       2 |   5.7
        D:8 |    1105 |     456 |  29.2 |      42 |      10 |  19.2
        D:9 |    1686 |    1081 |  39.1 |      31 |      37 |  54.4
       D:10 |     627 |    3263 |  83.9 |      22 |      18 |  45.0
     Lair:1 |     984 |     122 |  11.0 |      10 |       2 |  16.7
     Lair:2 |    1420 |    1089 |  43.4 |      11 |       7 |  38.9
     Lair:3 |    1592 |    1081 |  40.4 |      12 |       8 |  40.0
     Lair:4 |      74 |     571 |  88.5 |       1 |       2 |  66.7
    Ossuary |       0 |     160 | 100.0 |       0 |      23 | 100.0
            +---------+---------+-------+---------+---------+-------
